| TOP OF THE 1ST |
|
Miami Beach Marlins batting - Pitching for Calgary Flames : LHP Blaine Whitmore
|
|
Pitching: LHP Blaine Whitmore
|
|
|
Batting: LHB J.P. Olson
|
0-0: Ball 1-0: Foul Ball, location: 2F 1-1: Ball 2-1: Foul Ball, location: 2F 2-2: SINGLE (Line Drive, 56, EV 100.0 MPH)
|
|
Batting: LHB Jose Cabello
|
0-0: Ball 1-0: Fly out, F7 (Line Drive, 7D, EV 97.5 MPH)
|
|
Batting: RHB Torquato Obawole
|
0-0: Ball 1-0: Ball 2-0: Called Strike 2-1: Ball 3-1: Called Strike 3-2: Strikes out swinging
|
|
Batting: RHB Jose Ramos
|
0-0: Ball 1-0: Ball J.P. Olson steals 2nd base (no throw) 2-0: Foul Ball, location: 2F 2-1: Swinging Strike 2-2: Foul Ball, location: 2F 2-2: Strikes out swinging
|
| Top of the 1st over - 0 runs, 1 hit, 0 errors, 1 left on base; Miami Beach 0 - Calgary 0 |
| BOTTOM OF THE 1ST |
|
Calgary Flames batting - Pitching for Miami Beach Marlins : LHP Will Devitt
|
|
Pitching: LHP Will Devitt
|
|
|
Batting: RHB Alex Hernandez
|
0-0: Ball 1-0: Foul Ball, location: 2F 1-1: Ball 2-1: Foul Ball, location: 2F 2-2: Strikes out swinging
|
|
Batting: RHB Melvin Villagomez
|
0-0: Ball 1-0: Ground out U3 (Groundball, 3L, EV 92.5 MPH)
|
|
Batting: RHB Davey Verhoog
|
0-0: Ball 1-0: Ground out 3-1 (Groundball, 34, EV 89.4 MPH)
|
| Bottom of the 1st over - 0 runs, 0 hits, 0 errors, 0 left on base; Miami Beach 0 - Calgary 0 |
| TOP OF THE 2ND |
|
Miami Beach Marlins batting - Pitching for Calgary Flames : LHP Blaine Whitmore
|
|
Batting: LHB Josh Nava
|
0-0: Ball 1-0: Foul Ball, location: 2F 1-1: Swinging Strike 1-2: Strikes out swinging
|
|
Batting: RHB Kevin Greene
|
0-0: Ball 1-0: Foul Ball, location: 2F 1-1: Foul Ball, location: 2F 1-2: Ball 2-2: Fly out, F7 (Flyball, 78M, EV 84.4 MPH)
|
|
Batting: RHB Matt Murray
|
0-0: Called Strike 0-1: Foul Ball, location: 2F 0-2: Strikes out swinging
|
| Top of the 2nd over - 0 runs, 0 hits, 0 errors, 0 left on base; Miami Beach 0 - Calgary 0 |
| BOTTOM OF THE 2ND |
|
Calgary Flames batting - Pitching for Miami Beach Marlins : LHP Will Devitt
|
|
Batting: RHB Efrain Duran
|
0-0: Foul Ball, location: 2F 0-1: Ball 1-1: Ball 2-1: Ball 3-1: Base on Balls
|
|
Batting: RHB Min-chin Yi
|
0-0: Ball 1-0: Called Strike 1-1: Ball 2-1: Foul Ball, location: 2F 2-2: Foul Ball, location: 2F 2-2: Ball 3-2: Fly out, F7 (Flyball, 78S, EV 89.4 MPH)
|
|
Batting: LHB Roger Duque
|
0-0: Ball 1-0: Called Strike Efrain Duran steals 2nd base 1-1: Called Strike 1-2: Ball 2-2: Foul Ball, location: 2F 2-2: Ball 3-2: Ground out U3 (Groundball, 34, EV 83.1 MPH) Efrain Duran to third
|
|
Batting: RHB Derrick Abrams
|
0-0: Called Strike 0-1: Ball Passed Ball! Efrain Duran scores 1-1: SINGLE (Groundball, 5D, EV 102.5 MPH)
|
|
Batting: RHB Joe Weissman
|
0-0: Called Strike 0-1: Foul Ball, location: 2F 0-2: Foul Ball, location: 2F 0-2: Foul Ball, location: 2F 0-2: Strikes out looking
|
| Bottom of the 2nd over - 1 run, 1 hit, 0 errors, 1 left on base; Miami Beach 0 - Calgary 1 |
| TOP OF THE 3RD |
|
Miami Beach Marlins batting - Pitching for Calgary Flames : LHP Blaine Whitmore
|
|
Batting: RHB David Zelaya
|
0-0: Called Strike 0-1: Fly out, F8 (Flyball, 8RXD, EV 88.1 MPH)
|
|
Batting: RHB Scott Price
|
0-0: Ball 1-0: Ground out 3-1 (Groundball, 34S, EV 91.9 MPH)
|
|
Batting: LHB J.P. Olson
|
0-0: Ball 1-0: Called Strike 1-1: DOUBLE (Flyball, 8LXD, EV 98.8 MPH)
|
|
Batting: LHB Jose Cabello
|
0-0: Called Strike 0-1: Called Strike 0-2: Ball 1-2: Ball 2-2: Foul Ball, location: 2F 2-2: Foul Ball, location: 2F 2-2: Ball 3-2: Foul Ball, location: 2F 3-2: Foul Ball, location: 2F 3-2: Base on Balls
|
|
Batting: RHB Torquato Obawole
|
0-0: Called Strike 0-1: Ball 1-1: Swinging Strike 1-2: Ball 2-2: Foul Ball, location: 2F 2-2: Strikes out looking
|
| Top of the 3rd over - 0 runs, 1 hit, 0 errors, 2 left on base; Miami Beach 0 - Calgary 1 |
| BOTTOM OF THE 3RD |
|
Calgary Flames batting - Pitching for Miami Beach Marlins : LHP Will Devitt
|
|
Batting: RHB Sandy Castillo
|
0-0: Fly out, F3 (Popup, 3F, EV 81.3 MPH)
|
|
Batting: RHB Alex Hernandez
|
0-0: Swinging Strike 0-1: Swinging Strike 0-2: Strikes out swinging
|
|
Batting: RHB Melvin Villagomez
|
0-0: Fly out, F9 (Flyball, 9S, EV 88.1 MPH)
|
| Bottom of the 3rd over - 0 runs, 0 hits, 0 errors, 0 left on base; Miami Beach 0 - Calgary 1 |
| TOP OF THE 4TH |
|
Miami Beach Marlins batting - Pitching for Calgary Flames : LHP Blaine Whitmore
|
|
Batting: RHB Jose Ramos
|
0-0: Called Strike 0-1: Called Strike 0-2: Fly out, F8 (Flyball, 89M, EV 86.3 MPH)
|
|
Batting: LHB Josh Nava
|
0-0: Ball 1-0: Ground out 4-3 (Groundball, 4M, EV 103.8 MPH)
|
|
Batting: RHB Kevin Greene
|
0-0: Fly out, F9 (Flyball, 9S, EV 75.6 MPH)
|
| Top of the 4th over - 0 runs, 0 hits, 0 errors, 0 left on base; Miami Beach 0 - Calgary 1 |
| BOTTOM OF THE 4TH |
|
Calgary Flames batting - Pitching for Miami Beach Marlins : LHP Will Devitt
|
|
Batting: RHB Davey Verhoog
|
0-0: Ball 1-0: Ball 2-0: Called Strike 2-1: Ground out U3 (Groundball, 3, EV 105.6 MPH)
|
|
Batting: RHB Efrain Duran
|
0-0: Foul Ball, location: 2F 0-1: Ball 1-1: Ball 2-1: Ball 3-1: Base on Balls
|
|
Batting: RHB Min-chin Yi
|
0-0: Ball 1-0: Ball 2-0: Ball 3-0: Base on Balls Efrain Duran to second
|
|
Batting: LHB Roger Duque
|
0-0: Called Strike 0-1: Ball 1-1: Called Strike 1-2: Strikes out looking
|
|
Batting: RHB Derrick Abrams
|
0-0: Ball 1-0: Foul Ball, location: 2F 1-1: Called Strike 1-2: Foul Ball, location: 3F, Error on foul ball, E3 1-2: Strikes out swinging
|
| Bottom of the 4th over - 0 runs, 0 hits, 1 error, 2 left on base; Miami Beach 0 - Calgary 1 |
| TOP OF THE 5TH |
|
Miami Beach Marlins batting - Pitching for Calgary Flames : LHP Blaine Whitmore
|
|
Batting: RHB Matt Murray
|
0-0: Ball 1-0: Ball 2-0: Called Strike 2-1: Swinging Strike 2-2: Strikes out swinging
|
|
Batting: RHB David Zelaya
|
0-0: Called Strike 0-1: Ball 1-1: Ground out 5-3 (Groundball, 56, EV 84.4 MPH)
|
|
Batting: RHB Scott Price
|
0-0: Called Strike 0-1: Swinging Strike 0-2: Hit by Pitch
|
|
Batting: LHB J.P. Olson
|
0-0: Ball 1-0: Called Strike 1-1: SINGLE (Line Drive, 78S, EV 99.4 MPH) Scott Price to second
|
|
Batting: LHB Jose Cabello
|
0-0: Ball 1-0: Foul Ball, location: 2F 1-1: SINGLE (Groundball, 34D, EV 102.5 MPH) Scott Price to third J.P. Olson to second Runner from 3rd tries for Home, throw by RF and OUT! 9-2
|
| Top of the 5th over - 0 runs, 2 hits, 0 errors, 2 left on base; Miami Beach 0 - Calgary 1 |
| BOTTOM OF THE 5TH |
|
Calgary Flames batting - Pitching for Miami Beach Marlins : LHP Will Devitt
|
|
Batting: RHB Joe Weissman
|
0-0: Foul Ball, location: 2F 0-1: Foul Ball, location: 2F 0-2: Ball 1-2: Ball 2-2: Reached on error, E9 (Flyball, 89D, EV 98.8 MPH)
|
|
Batting: RHB Sandy Castillo
|
0-0: Fly out, F6 (Popup, 6MD, EV 56.9 MPH)
|
|
Batting: RHB Alex Hernandez
|
0-0: Ground out 6-3 (Groundball, 6, EV 91.3 MPH)
|
|
Batting: RHB Melvin Villagomez
|
0-0: Swinging Strike 0-1: Ball 1-1: Ball 2-1: Swinging Strike 2-2: Strikes out swinging
|
| Bottom of the 5th over - 0 runs, 0 hits, 1 error, 1 left on base; Miami Beach 0 - Calgary 1 |
| TOP OF THE 6TH |
|
Miami Beach Marlins batting - Pitching for Calgary Flames : LHP Blaine Whitmore
|
|
Batting: RHB Torquato Obawole
|
0-0: Ball 1-0: Ball 2-0: Foul Ball, location: 2F 2-1: Swinging Strike 2-2: Ground out 1-3 (Groundball, 15S, EV 65.0 MPH)
|
|
Batting: RHB Jose Ramos
|
0-0: Fly out, F7 (Flyball, 78S, EV 91.3 MPH)
|
|
Batting: LHB Josh Nava
|
0-0: Called Strike 0-1: Swinging Strike 0-2: Ball 1-2: Strikes out swinging
|
| Top of the 6th over - 0 runs, 0 hits, 0 errors, 0 left on base; Miami Beach 0 - Calgary 1 |
| BOTTOM OF THE 6TH |
|
Calgary Flames batting - Pitching for Miami Beach Marlins : LHP Will Devitt
|
|
Batting: RHB Davey Verhoog
|
0-0: Foul Ball, location: 2F 0-1: Ball 1-1: Foul Ball, location: 2F 1-2: Foul Ball, location: 2F 1-2: Ball 2-2: Foul Ball, location: 2F 2-2: Ball 3-2: Ground out 6-3 (Groundball, 6, EV 81.3 MPH)
|
|
Batting: RHB Efrain Duran
|
0-0: Ball 1-0: Swinging Strike 1-1: SOLO HOME RUN (Flyball, 7D, EV 103.1 MPH), Distance : 428 ft
|
|
Batting: RHB Min-chin Yi
|
0-0: Ball 1-0: Ball 2-0: Called Strike 2-1: Swinging Strike 2-2: Ground out 3-1 (Groundball, 34, EV 88.8 MPH)
|
|
Batting: LHB Roger Duque
|
0-0: Called Strike 0-1: Fly out, F8 (Flyball, 8LD, EV 96.3 MPH)
|
| Bottom of the 6th over - 1 run, 1 hit, 0 errors, 0 left on base; Miami Beach 0 - Calgary 2 |
| TOP OF THE 7TH |
|
Miami Beach Marlins batting - Pitching for Calgary Flames : LHP Blaine Whitmore
|
|
Batting: RHB Kevin Greene
|
0-0: Ball 1-0: DOUBLE (Line Drive, 78D, EV 101.3 MPH)
|
|
Batting: RHB Matt Murray
|
0-0: Bunted foul 0-1: Bunt missed! 0-2: Bunted foul, Strikeout!
|
|
Batting: RHB David Zelaya
|
0-0: Fly out, F9 (Flyball, 89M, EV 85.6 MPH)
|
|
Batting: RHB Scott Price
|
0-0: Called Strike 0-1: Foul Ball, location: 2F 0-2: Ball 1-2: Ball 2-2: Strikes out swinging
|
| Top of the 7th over - 0 runs, 1 hit, 0 errors, 1 left on base; Miami Beach 0 - Calgary 2 |
| BOTTOM OF THE 7TH |
|
Calgary Flames batting - Pitching for Miami Beach Marlins : LHP Will Devitt
|
|
Batting: RHB Derrick Abrams
|
0-0: Called Strike 0-1: Called Strike 0-2: Ball 1-2: Ball 2-2: Ball 3-2: Fly out, F9 (Flyball, 9, EV 95.0 MPH)
|
|
Pitching: RHP Matt Alexander
|
|
|
Batting: RHB Joe Weissman
|
0-0: Called Strike 0-1: Ball 1-1: Called Strike 1-2: Foul Ball, location: 2F 1-2: DOUBLE (Line Drive, 7LS, EV 108.1 MPH)
|
|
Batting: RHB Sandy Castillo
|
0-0: Intentional Walk
|
|
Batting: RHB Alex Hernandez
|
0-0: Called Strike 0-1: Ball 1-1: Foul Ball, location: 2F 1-2: Strikes out swinging
|
|
Batting: RHB Melvin Villagomez
|
0-0: Fielders Choice at 2nd, 5-4 (Groundball, 56, EV 96.9 MPH)
|
| Bottom of the 7th over - 0 runs, 1 hit, 0 errors, 2 left on base; Miami Beach 0 - Calgary 2 |
| TOP OF THE 8TH |
|
Miami Beach Marlins batting - Pitching for Calgary Flames : LHP Blaine Whitmore
|
|
Batting: LHB J.P. Olson
|
0-0: Called Strike 0-1: Swinging Strike 0-2: Ball 1-2: Strikes out swinging
|
|
Batting: LHB Jose Cabello
|
0-0: Foul Ball, location: 2F 0-1: Ball 1-1: Foul Ball, location: 2F 1-2: Foul Ball, location: 2F 1-2: Ball 2-2: Strikes out looking
|
|
Batting: RHB Torquato Obawole
|
0-0: Fly out, F8 (Line Drive, 8RM, EV 95.6 MPH)
|
| Top of the 8th over - 0 runs, 0 hits, 0 errors, 0 left on base; Miami Beach 0 - Calgary 2 |
| BOTTOM OF THE 8TH |
|
Calgary Flames batting - Pitching for Miami Beach Marlins : RHP Matt Alexander
|
|
Batting: RHB Davey Verhoog
|
0-0: Called Strike 0-1: Ball 1-1: Called Strike 1-2: Strikes out swinging
|
|
Batting: RHB Efrain Duran
|
0-0: Swinging Strike 0-1: Ball 1-1: Foul Ball, location: 2F 1-2: Reached on error, E1 (Groundball, 15, EV 75.0 MPH)
|
|
Batting: RHB Min-chin Yi
|
0-0: Ball 1-0: Ball Wild Pitch! Efrain Duran to third 2-0: Called Strike 2-1: Ball 3-1: Called Strike 3-2: Base on Balls
|
|
Batting: LHB Roger Duque
|
0-0: Ball 1-0: Foul Ball, location: 2F 1-1: Ball Passed Ball! Efrain Duran scores Min-chin Yi to second 2-1: Intentional Walk
|
|
Batting: RHB Derrick Abrams
|
0-0: Ball 1-0: SINGLE (Groundball, 56D, EV 98.1 MPH) Min-chin Yi to third Roger Duque to second
|
|
Batting: RHB Joe Weissman
|
0-0: Ball 1-0: Foul Ball, location: 2F 1-1: Fly out, F3 (Popup, 3SF, EV 69.4 MPH)
|
|
Batting: RHB Sandy Castillo
|
0-0: Swinging Strike 0-1: Ball 1-1: Called Strike 1-2: Ball 2-2: Fly out, F7 (Flyball, 78D, EV 99.4 MPH)
|
| Bottom of the 8th over - 1 run, 1 hit, 1 error, 3 left on base; Miami Beach 0 - Calgary 3 |
| TOP OF THE 9TH |
|
Miami Beach Marlins batting - Pitching for Calgary Flames : LHP Blaine Whitmore
|
|
Pitching: RHP Roger Brennan
|
|
|
Batting: RHB Jose Ramos
|
0-0: Foul Ball, location: 2F 0-1: Foul Ball, location: 2F 0-2: Foul Ball, location: 2F 0-2: Strikes out swinging
|
|
Batting: LHB Josh Nava
|
0-0: Called Strike 0-1: Called Strike 0-2: Ball 1-2: Strikes out swinging
|
|
Batting: RHB Kevin Greene
|
0-0: Foul Ball, location: 2F 0-1: Fly out, F9 (Flyball, 89D, EV 86.9 MPH)
|
| Top of the 9th over - 0 runs, 0 hits, 0 errors, 0 left on base; Miami Beach 0 - Calgary 3 |
|